 Dungeon Crawl Stone Soup version 0.26.1 (webtiles) character file.

Game seed: 16521665042531182947

711 DasRunzen the Conjurer (level 7, -2/57 HPs)
             Began as a Demigod Conjurer on Feb 5, 2021.
             Slain by an ice beast (9 damage)
             ... on level 4 of the Dungeon.
             The game lasted 00:08:34 (4820 turns).

DasRunzen the Conjurer (Demigod Conjurer)           Turns: 4820, Time: 00:08:35

Health: -2/57      AC:  4    Str: 14    XL:     7   Next: 17%
Magic:  8/15       EV: 14    Int: 22    God:
Gold:   165        SH:  0    Dex: 14    Spells: 9/12 levels left

rFire    . . .     SeeInvis .   b - +0 mace (protect)
rCold    . . .     Faith    .   (no shield)
rNeg     . . .     Spirit   .   a - +0 robe
rPois    +         Reflect  .   f - +2 hat
rElec    .         Harm     .   (no cloak)
rCorr    .         Rampage  .   (no gloves)
Will     .....                  (no boots)
Stlth    +.........             (no amulet)
HPRegen  0.19/turn              k - ring of poison resistance
MPRegen  0.14/turn              o - ring of attention (curse)

@: no status effects
A: high mp 1
a: no special abilities


You were on level 4 of the Dungeon.
You visited 1 branch of the dungeon, and saw 5 of its levels.

You collected 165 gold pieces.

Inventory:

Hand Weapons
 b - a +0 mace of protection (weapon)
Armour
 a - a +0 robe (worn)
 f - a +2 hat (worn)
Jewellery
 k - a ring of poison resistance (left hand)
 m - an uncursed ring of ice
 n - an uncursed amulet of the acrobat
 o - a cursed ring of attention (right hand)
Scrolls
 e - a scroll of teleportation
Potions
 c - a potion of lignification
 d - 2 potions of might
 g - 4 potions of flight
 h - 2 potions of haste {unknown}
 i - a potion of heal wounds {unknown}
 j - 3 potions of ambrosia {unknown}
 l - a potion of brilliance {unknown}
 q - a potion of mutation {unknown}


   Skills:
 + Level 3.1 Fighting
 + Level 3.0 Armour
 + Level 3.6 Dodging
 - Level 1.7 Stealth
 + Level 3.4 Spellcasting
 + Level 4.9 Conjurations


You had 9 spell levels left.
You knew the following spells:

 Your Spells              Type           Power        Failure   Level
a - Magic Dart            Conj           100%         1%          1
b - Searing Ray           Conj           50%          2%          2

Your spell library contained the following spells:

 Spells                   Type           Power        Failure   Level
 Dazzling Flash           Conj/Hex       28%          13%         3
 Fulminant Prism          Conj/Hex       7%           38%         4
 Iskenderun's Mystic Bla  Conj/Tloc      14%          38%         4


Dungeon Overview and Level Annotations

Branches:
Dungeon (5/15)
 Temple: D:4-7


Innate Abilities, Weirdness & Mutations

You have an increased reservoir of magic. (+10% MP)


Message History

You kill the orc priest!
The searing ray misses the orc. (Press . to maintain the ray.)
Your Armour skill increases to level 3!
The searing ray misses the orc.
The searing ray hits the orc!
You kill the orc!
The searing ray misses the orc.
The orc hits you but does no damage.
The searing ray hits the orc!
You kill the orc!
The searing ray hits the ice beast.
The ice beast is moderately wounded.
You finish channeling your searing ray.
There is a stone staircase leading up here.
The ice beast barely misses you.
You climb upwards.
There is a stone staircase leading down here.
The ice beast hits you.
* * * LOW HITPOINT WARNING * * *
The ice beast freezes you!
You die...

#....# ########....#######
#..................
#.################# #.#
#.......# #.# #.......#
###### #.# #.......##
#....# #Y########......<'.
#....# #>@..............##
#....# ###....##...(....#
#....# #....##........#
#....# #....##........#
#....#####....##.#####..#
#..........#####'######.#
#..........# #.(.......#
#..........# #.........##
###........####..........#


You could see an ice beast.

Vanquished Creatures
  A phantom (D:4)
  An ogre (D:4)
  A scorpion (D:4)
  A centaur skeleton (D:4)
  2 orc priests
  3 hounds
  An iguana (D:4)
  2 worker ants (D:4)
  2 orc wizards
  7 adders
  2 oozes
  3 worms (D:2)
  5 dart slugs
  3 leopard geckos
  13 orcs
  5 bats
  4 giant cockroaches
  11 goblins
  6 hobgoblins
  4 jackals (D:4)
  5 quokkas
  4 frilled lizards
  8 kobolds
  A leopard gecko skeleton (D:4)
  7 rats
102 creatures vanquished.

Notes
Turn   | Place    | Note
-------+----------+-------------------------------------------
     0 | D:1      | DasRunzen the Demigod Conjurer began the quest for the Orb.
     0 | D:1      | Reached XP level 1. HP: 14/14 MP: 5/5
   219 | D:1      | Reached XP level 2. HP: 11/22 MP: 1/7
   387 | D:1      | Learned a level 2 spell: Searing Ray
   697 | D:1      | Reached XP level 3. HP: 24/27 MP: 8/8
   743 | D:1      | Reached skill level 1 in Armour
   746 | D:1      | Reached skill level 1 in Fighting
  1497 | D:2      | Reached skill level 4 in Conjurations
  1791 | D:2      | Found an opulent altar of Gozag.
  1804 | D:2      | Reached XP level 4. HP: 31/35 MP: 10/10
  2757 | D:3      | Reached XP level 5. HP: 41/41 MP: 7/11
  3139 | D:4      | Noticed a phantom
  3153 | D:4      | Killed a phantom
  3310 | D:4      | Reached XP level 6. HP: 8/48 MP: 8/13
  3310 | D:4      | HP: 2/48 [something/magic dart (7)]
  4223 | D:4      | Found a shimmering blue altar of Sif Muna.
  4458 | D:4      | Reached XP level 7. HP: 28/56 MP: 10/15
  4779 | D:5      | Entered Level 5 of the Dungeon
  4820 | D:4      | Slain by an ice beast

Illustrated notes

Levels and vault maps discovered:
D:1:      dpeg_arrival_refuge, layout_basic, chequers_serial_rivers_room_a,
          chequers_serial_rivers_micro_a
D:2:      layout_rooms, nicolae_gozag_cash_rules_everything_around_me
D:3:      layout_basic
D:4:      layout_basic, led_sif_pool
D:5:      lemuel_upstairs_altar, layout_basic, serial_glass, glass_columns_b,
          glass_columns_a, glass_columns_a, glass_columns_b,
          nicolae_qazlal_eye_of_the_storm

Skill      XL: |  1  2  3  4  5  6  7 |
---------------+----------------------+-----
Dodging        | 2 3 |  3.6
Spellcasting   | 2 3 |  3.4
Armour         | 1 2 3 |  3.0
Fighting       | 1 2 3 |  3.1
Conjurations   | 4 |  4.9
Stealth        | |  1.7

Action                   |  1- 3 |  4- 6 |  7- 9 || total
-------------------------+-------+-------+-------++-------
Melee: Mace              |   146 |   116 |     2 ||   264
 Cast: Magic Dart        |     5 |     3 |       ||     8
       Searing Ray       |     3 |    15 |     2 ||    20
  Use: Scroll            |     6 |     3 |     3 ||    12
 Stab: Sleeping          |     4 |     4 |       ||     8
Armor: Robe              |    55 |    72 |       ||   127
Dodge: Dodged            |   133 |   107 |     4 ||   244
